 Dungeon Crawl Stone Soup version 0.25.1-2-g60ff931df9 (webtiles) character file.

Game seed: 6728926582288522602

42 hawla the Slasher (level 3, -5/30 HPs)
             Began as a Minotaur Gladiator on Nov 1, 2020.
             Slain by a gnoll
             ... wielding a +0 whip
              (11 damage)
             ... on level 2 of the Dungeon.
             The game lasted 00:01:39 (973 turns).

hawla the Slasher (Minotaur Gladiator)               Turns: 973, Time: 00:01:40

Health: -5/30      AC:  3    Str: 16 (19) XL:     3   Next: 35%
Magic:  2/2        EV: 13    Int:  4 (5)  God:
Gold:   45         SH:  0    Dex:  9 (11) Spells: 2/2 levels left

rFire    . . .     SeeInvis .   a - +0 long sword
rCold    . . .     Gourm    .   (no shield)
rNeg     . . .     Faith    .   b - +0 leather armour
rPois    .         Spirit   .   c - +0 hat
rElec    .         Reflect  .   (no cloak)
rCorr    .         Harm     .   (no gloves)
MR       .....                  (no boots)
Stlth    +.........             (no amulet)
HPRegen  0.10/turn              (no ring)
MPRegen  0.08/turn              (no ring)

@: hasted, very quick
A: retaliatory headbutt, horns 2
a: no special abilities


You were on level 2 of the Dungeon.
You were not hungry.

You visited 1 branch of the dungeon, and saw 2 of its levels.

You collected 45 gold pieces.

Inventory:

Hand Weapons
 a - a +0 long sword (weapon)
Missiles
 d - 3 throwing nets (quivered)
 j - 4 javelins
Armour
 b - a +0 leather armour (worn)
 c - a +0 hat (worn)
Scrolls
 e - a scroll of remove curse
 g - 2 scrolls of identify {unknown}
Potions
 k - 2 potions of cancellation {unknown}
 l - 2 potions of curing {unknown}
Comestibles
 f - 4 rations
 m - 5 chunks of flesh


   Skills:
 + Level 2.8 Fighting
 + Level 4.2 Long Blades
 + Level 2.0 Throwing
 + Level 1.1 Armour
 * Level 4.0 Dodging
 + Level 0.2 Stealth


You had 2 spell levels left.
You didn't know any spells.
Your spell library was empty.

Dungeon Overview and Level Annotations

Branches:
Dungeon (2/15)

Altars:


Innate Abilities, Weirdness & Mutations

You reflexively headbutt those who attack you in melee.
You have a pair of horns on your head.


Message History

You kill the hobgoblin!
You hit the gnoll.
The gnoll is moderately wounded.
The gnoll hits you with a +0 halberd! The gnoll hits you with a +0 whip.
* * * LOW HITPOINT WARNING * * *
You see here a +0 club.
You closely miss the gnoll. You headbutt the gnoll!
The gnoll is severely wounded.
The gnoll hits you with a +0 whip.
* * * LOW HITPOINT WARNING * * *
The gnoll barely misses you. You furiously retaliate!
You headbutt the gnoll!
You kill the gnoll!
Your Dodging skill increases to level 4!
It was a potion of degeneration.
There was something very wrong with that liquid.
You feel weakened.
You feel dopey.
You feel clumsy. The gnoll closely misses you.
It was a potion of haste.
You feel yourself speed up. The gnoll hits you with a +0 whip!
You die...

#.>.....# ######
#.##.##.# #.#....<#
#.#..#÷.# # #.#..#..# ##
## ##.#..#..## ##.
##..### #........)# ##..
#.....†##g........####[..
......†)@(...........'...
#.....(##.#.......####...
##.##.# #.......).# ##..
#. #####.##### ##. # #.#
## #.# # #)# #.# #.# #


You could see a gnoll.

Vanquished Creatures
  2 gnolls (D:2)
  2 giant cockroaches
  2 goblins
  2 hobgoblins (D:2)
  2 jackals (D:1)
  A quokka (D:2)
  A ball python (D:2)
  6 bats
  2 frilled lizards (D:1)
  2 kobolds (D:2)
  4 rats
26 creatures vanquished.

Notes
Turn   | Place    | Note
-------+----------+-------------------------------------------
     0 | D:1      | hawla the Minotaur Gladiator began the quest for the Orb.
     0 | D:1      | Reached XP level 1. HP: 18/18 MP: 0/0
   363 | D:1      | Reached XP level 2. HP: 22/25 MP: 1/1
   965 | D:2      | Reached skill level 1 in Armour
   965 | D:2      | Reached XP level 3. HP: 24/30 MP: 2/2
   973 | D:2      | Slain by a gnoll

Illustrated notes

Levels and vault maps discovered:
D:1:      saegor_arrival_simple_c, layout_loops_ring, patterned_corridor
D:2:      layout_loops_corners, uniq_robin, uniq_natasha

Skill      XL: |  1  2  3 |
---------------+----------+-----
Long Blades    | 4 |  4.2
Armour         | 1 |  1.1
Dodging        | 4 |  4.0
Fighting       | |  2.8
Throwing       | |  2.0
Stealth        | |  0.2

Action                   || total
-------------------------++-------
Melee: Long sword        ||    35
       Headbutt          ||     3
  Use: Scroll            ||     3
       Potion            ||     2
Armor: Leather armour    ||    15
Dodge: Dodged            ||    35
       Rpst.: Long sword ||     9
